 Seeded DCSS version 0.29.1-12-g30fa7ad0bf (webtiles) character file.

Game seed: 18334199546629406935 (custom seed)

142 mathmaestro the Grave Robber (level 5, 0/38 HPs)
             Began as a Demonspawn Necromancer on Dec 16, 2022.
             Slain by a bullfrog (6 damage)
             ... in a sewer.
             The game lasted 00:07:34 (2695 turns).

mathmaestro the Grave Robber (DsNe)                 Turns: 2695, Time: 00:07:35

Health: 0/38       AC:  5    Str: 14    XL:     5   Next: 3%
Magic:  0/9        EV: 12    Int: 18    God:
Gold:   122        SH:  0    Dex: 14    Spells: 5/9 levels left

rFire   . . .      SeeInvis .   j - +4 whip
rCold   . . .      Faith    .   (no shield)
rNeg    . . .      Spirit   .   d - +0 leather armour
rPois   .          Reflect  .   (helmet restricted)
rElec   .          Harm     .   (no cloak)
rCorr   .          Rampage  .   i - +0 pair of gloves
Will    .....                   (no boots)
Stlth   ++........              (no amulet)
HPRegen 0.12/turn               g - +6 ring of strength
MPRegen 0.11/turn               m - ring of flight

@: flying
A: antennae 1, rugged brown scales 1
a: no special abilities


You were in a sewer.
You visited 1 branch of the dungeon, and saw 3 of its levels.
You also visited: Sewer.

You collected 122 gold pieces.

Inventory:

Hand Weapons
 j - a +4 whip (weapon)
 p - a +4 flail of protection
Armour
 d - a +0 leather armour (worn)
 i - a +0 pair of gloves (worn)
Jewellery
 g - a +6 ring of strength (left hand)
 m - a ring of flight (right hand)
Scrolls
 e - a scroll of identify
 f - a scroll of immolation {unknown}
 k - 3 scrolls of teleportation
 n - 2 scrolls of magic mapping {unknown}
 o - a scroll of fog {unknown}
 q - a scroll of poison {unknown}
 s - a scroll of blinking {unknown}
 w - a scroll of amnesia {unknown}
Potions
 a - a potion of degeneration {unknown}
 b - a potion of magic
 c - 2 potions of curing {unknown}
 h - 2 potions of haste
 l - 2 potions of might {unknown}
 r - a potion of flight {unknown}
 t - a potion of heal wounds {unknown}
 u - a potion of cancellation {unknown}
 v - a potion of mutation {unknown}
 x - a potion of invisibility {unknown}


   Skills:
 + Level 1.4 Fighting
 + Level 1.3 Armour
 + Level 2.5 Dodging
 + Level 2.7 Stealth
 + Level 2.6 Spellcasting
 + Level 4.9 Necromancy


You had 5 spell levels left.
You knew the following spells:

 Your Spells              Type           Power      Damage    Failure   Level
a - Necrotise             Necr           80%        1d8       2%          1
b - Vampiric Draining     Necr           20%        2d7       9%          3

Your spell library contained the following spells:

 Spells                   Type           Power      Damage    Failure   Level
 Slow                     Hex            8%         N/A       21%         1
 Animate Dead             Necr           20%        N/A       26%         4
 Confusing Touch          Hex            2%         N/A       52%         3
 Agony                    Necr           20%        N/A       58%         5


Dungeon Overview and Level Annotations

Branches:
Dungeon (3/15)              Sewer (1/1)

Altars:


Innate Abilities, Weirdness & Mutations

You have a pair of small antennae on your head.
You are partially covered in rugged brown scales. (AC +1, +3% HP)


Message History

The bullfrog hits you but does no damage.
Unknown command.
Casting: Vampiric Draining (dangerous; 9% risk of failure)
Confirm with . or Enter, or press ? or * to list all spells.
Aiming: Vampiric Draining (dangerous; 9% risk of failure)
Press: ? - help, Shift-Dir - straight line, f/p - bullfrog
Aim: a bullfrog (water, lightly wounded)
You draw life force from the bullfrog!
You feel life coursing into your body. The bullfrog closely misses you.
The ball python bites you. The ball python closely misses you.
The bullfrog misses you. The bullfrog hits you!
The ball python barely misses you. The ball python closely misses you.
Casting: Vampiric Draining (dangerous; 9% risk of failure)
Confirm with . or Enter, or press ? or * to list all spells.
You don't have enough magic to cast this spell.
Unknown command.
Unknown command.
Unknown command.
Casting: Vampiric Draining (dangerous; 9% risk of failure)
Confirm with . or Enter, or press ? or * to list all spells.
Aiming: Necrotise (safe; 2% risk of failure)
Press: ? - help, Shift-Dir - straight line, f/p - bullfrog
Aim: a bullfrog (water, heavily wounded, chance to affect: 78%)
The bullfrog barely resists.
The bullfrog hits you but does no damage.
The bullfrog hits you.
* * * LOW HITPOINT WARNING * * *
The ball python barely misses you. The ball python misses you.
The bullfrog barely misses you. The ball python bites you.
* * * LOW HITPOINT WARNING * * *
The ball python barely misses you.
Casting: Necrotise (safe; 2% risk of failure)
Confirm with . or Enter, or press ? or * to list all spells.
Aiming: Necrotise (safe; 2% risk of failure)
Press: ? - help, Shift-Dir - straight line, f/p - bullfrog
Aim: a bullfrog (water, heavily wounded, chance to affect: 78%)
The bullfrog writhes in agony.
The bullfrog hits you.
* * * LOW HITPOINT WARNING * * *
The bullfrog hits you.
You die...

#######################
##...#~≈≈≈≈~~≈≈≈≈≈≈≈≈..###
#.....~≈≈~#~..~≈~≈~≈~~...#
#.....~~≈~~≈~≈≈~~~~~~~....
#.....#~~~~~≈≈~~~~~~~~....
#.....~≈FSS≈≈≈≈≈~≈≈~≈.....
#....~SF@≈≈≈≈≈≈≈≈≈≈~.....
#+####################...
####.. #..#†. #..'††
#####. ##..
####################...
###.#≈≈~~≈≈≈≈≈#~~≈≈≈.†...


You could see 2 bullfrogs, an adder and 2 ball pythons.

Vanquished Creatures
  4 gnolls (D:2)
  A river rat (Sewer)
  3 adders (Sewer)
  A worm (D:3)
  5 endoplasms
  A giant cockroach (D:1)
  A goblin (D:3)
  3 hobgoblins
  2 quokkas
  14 ball pythons
  4 bats
  2 frilled lizards (Sewer)
  4 kobolds
  26 rats
71 creatures vanquished.

Vanquished Creatures (collateral kills)
  3 ball pythons
  A rat (D:3)
4 creatures vanquished.

Grand Total: 75 creatures vanquished

Notes
Turn   | Place    | Note
-------+----------+-------------------------------------------
     0 | D:1      | mathmaestro the Demonspawn Necromancer began the quest for
                  | the Orb.
     0 | D:1      | Reached XP level 1. HP: 13/13 MP: 3/3
   412 | D:1      | Gained mutation: You are partially covered in rugged brown
                  | scales. (AC +1, +3% HP) [demonic ancestry]
   412 | D:1      | Reached XP level 2. HP: 14/20 MP: 1/5
  1079 | D:2      | Reached XP level 3. HP: 25/25 MP: 0/6
  1083 | D:2      | Learned a level 3 spell: Vampiric Draining
  1110 | D:2      | Reached skill level 1 in Fighting
  1911 | D:2      | Gained mutation: You have a pair of small antennae on your
                  | head. [demonic ancestry]
  1911 | D:2      | Reached XP level 4. HP: 17/32 MP: 1/7
  2235 | D:3      | Found a glowing drain.
  2237 | D:3      | Reached skill level 1 in Armour
  2249 | Sewer    | Entered a sewer
  2593 | Sewer    | Reached XP level 5. HP: 37/38 MP: 1/9
  2695 | Sewer    | Slain by a bullfrog

Illustrated notes

Levels and vault maps discovered:
D:1:      shiori_shiawase, layout_loops_ring, st_stairs_7
D:2:      layout_basic, minmay_large_rounded_square
D:3:      layout_basic, portal_sewer_entry_a, hellmonk_ecumenical_altar_blasted
Sewer:    sewer_minmay_w

Skill      XL: |  1  2  3  4 |
---------------+-------------+-----
Stealth        | 2 |  2.7
Dodging        | 2 |  2.5
Fighting       | 1 |  1.4
Armour         | 1 |  1.3
Spellcasting   | |  2.6
Necromancy     | |  4.9

Action                   |  1- 3 |  4- 6 || total
-------------------------+-------+-------++-------
Melee: Whip              |    21 |    36 ||    57
 Cast: Necrotise         |    51 |    24 ||    75
       Vampiric Draining |     1 |     5 ||     6
  Use: Scroll            |       |     3 ||     3
 Stab: Sleeping          |     1 |     4 ||     5
Armor: Robe              |     9 |       ||     9
       Leather armour    |       |    17 ||    17
Dodge: Dodged            |    22 |    58 ||    80
